 Dungeon Crawl Stone Soup version 0.31-a0-232-gb1c03b2570 (webtiles) character file.

Game seed: 16220042998293569954

83 qw the Shooter (level 4, -6/36 HPs)
             Began as a Minotaur Hexslinger on July 7, 2023.
             Mangled by a hell rat (17 damage)
             ... in a sewer.
             The game lasted 00:00:41 (2247 turns).

qw the Shooter (Minotaur Hexslinger)                Turns: 2247, Time: 00:00:41

Health: -6/36      AC:  5    Str: 13    XL:     4   Next: 22%
Magic:  4/4        EV: 11    Int: 10    God:
Gold:   190        SH:  0    Dex: 14    Spells: 4/5 levels left

rFire   . . .        Y - +2 sling
rCold   . . .        (no shield)
rNeg    . . .        h - +0 ring mail
rPois   +            (helmet restricted)
rElec   .            (no cloak)
rCorr   .            (no gloves)
SInv    .            (no boots)
Will    .....        (no amulet)
Stlth   +            g - ring of poison resistance
HPRegen 0.26/turn    (no ring)
MPRegen 0.09/turn

%: no passive effects
@: no status effects
A: horns 2, retaliatory headbutt
a: no special abilities


You were in a sewer.
You visited 1 branch of the dungeon, and saw 3 of its levels.
You also visited: Sewer.

You collected 190 gold pieces.


Innate Abilities, Weirdness & Mutations

You have a pair of horns on your head.
You reflexively headbutt those who attack you in melee.


   Skills:
 - Level 2.0 Fighting
 + Level 4.5 Ranged Weapons
 - Level 1.1 Armour
 - Level 2.1 Dodging
 - Level 1.0 Spellcasting
 - Level 2.0 Hexes


You had 4 spell levels left.
You knew the following spells:

 Your Spells              Type           Power      Damage    Failure   Level
a - Slow                  Hex            16%        N/A       32%         1

Your spell library contained the following spells:

 Spells                   Type           Power      Damage    Failure   Level
 Inner Flame              Hex/Fire       2%         N/A       82%         3
 Portal Projectile        Hex/Tloc       4%         N/A       82%         3
 Cause Fear               Hex            2%         N/A       97%         4

Inventory:

Hand Weapons
 Y - a +2 sling (weapon)
Armour
 h - a +0 ring mail (worn)
Jewellery
 g - a ring of poison resistance (left hand)
Scrolls
 b - a scroll of identify
Potions
 d - a potion of curing
 f - a potion of might {unknown}

Dungeon Overview and Level Annotations

Branches:
Dungeon (3/15)              Sewer (1/1)

Altars:


Message History

A rat comes into view.
You shoot a sling bullet. The sling bullet barely misses the rat.
You shoot a sling bullet. The sling bullet barely misses the rat.
You shoot a sling bullet. The sling bullet hits the rat.
You kill the rat!
You enter the shallow water.
Moving in this stuff is going to be slow.
You enter the shallow water.
Moving in this stuff is going to be slow.
You see here a rat corpse.
You enter the shallow water.
Moving in this stuff is going to be slow.
You open the door.
A hell rat comes into view.
The hell rat roars deafeningly!
Found four items.
Found a gate leading back out of this place.
2240 ||| Stepping ~*~*~tactically~*~*~ (water).
You enter the shallow water.
Moving in this stuff is going to be slow.
A hell rat is nearby!
2242 ||| Stepping ~*~*~tactically~*~*~ (water).
The hell rat attacks as you move away! The hell rat misses you.
You shoot a sling bullet.
The sling bullet closely misses the hell rat.
The hell rat bites you! x2
You shoot a sling bullet. The sling bullet hits the hell rat.
The hell rat is lightly wounded.
The hell rat splashes around in the water.
You shoot a sling bullet.
The sling bullet hits the hell rat but does no damage.
The hell rat is lightly wounded.
The hell rat splashes around in the water. x2
You shoot a sling bullet. The sling bullet hits the hell rat.
The hell rat is lightly wounded.
The hell rat closely misses you.
You shoot a sling bullet. The sling bullet hits the hell rat.
The hell rat is heavily wounded.
The hell rat bites you. The hell rat bites you!
You die...

#####
###~.~###
#..~~.~.#
##~.~.~.~##
#.~%###~..#
##.~## ##~~##
#~~~# #~.%#
#@%## ##~.#
#~r# #.%#
#~~'~~~?\#\\#
#..#~~~!?#~~#
#.~##~~)##~.#
#~~~ ~~~#~~~#
##.~ .##~~##
#~.. #~..#
##~~ .~~##


You could see a hell rat.

Vanquished Creatures
  2 adders (D:3)
  A river rat (Sewer)
  A dart slug (D:1)
  2 worms
  7 endoplasms
  6 goblins
  A hobgoblin (D:2)
  A quokka (D:1)
  3 ball pythons
  6 bats
  8 frilled lizards
  5 kobolds
  7 rats
50 creatures vanquished.

Notes
Turn   | Place    | Note
-------+----------+-------------------------------------------
     0 | D:1      | qw the Minotaur Hexslinger began the quest for the Orb.
     0 | D:1      | Reached XP level 1. HP: 16/16 MP: 1/1
     0 | D:1      | 0 ||| qw: Version: 0.3-a-46-gb1f654a
     0 | D:1      | 0 ||| qw: Game counter: 2825
     0 | D:1      | 0 ||| qw: Melee chars always use a shield: true
     0 | D:1      | 0 ||| qw: God list: Okawaru
     0 | D:1      | 0 ||| qw: Allow faded altars: false
     0 | D:1      | 0 ||| qw: Do Orc after clearing Dungeon:15 true
     0 | D:1      | 0 ||| qw: Do second Lair branch before Depths: true
     0 | D:1      | 0 ||| qw: Lair rune preference: random
     0 | D:1      | 0 ||| qw: Goals: Normal
     0 | D:1      | 0 ||| PLANNING D:1-11
   386 | D:1      | Reached skill level 3 in Ranged Weapons
   432 | D:1      | Reached XP level 2. HP: 23/23 MP: 2/2
   945 | D:1      | 945 ||| UPGRADING to ring of poison resistance.
   946 | D:1      | 946 ||| READING scroll labelled CUICWERATI.
   947 | D:1      | 947 ||| READING scroll labelled YDILATTEAN.
   948 | D:1      | 948 ||| DROPPING scroll of poison.
  1119 | D:2      | Found a faded altar of an unknown god.
  1138 | D:2      | Reached XP level 3. HP: 29/29 MP: 3/3
  1442 | D:2      | Reached skill level 4 in Ranged Weapons
  1799 | D:2      | 1799 ||| UPGRADING to +0 leather armour.
  1809 | D:2      | 1809 ||| DROPPING +0 robe.
  1810 | D:2      | 1810 ||| UPGRADING to +0 ring mail.
  1820 | D:2      | 1820 ||| DROPPING +0 leather armour.
  1821 | D:2      | 1821 ||| READING 2 scrolls labelled VAXKEL BUCUSA.
  1822 | D:2      | 1822 ||| READING scroll labelled FIOLIK NIAV.
  1923 | D:2      | 1923 ||| READING scroll labelled DAHAD MONICH.
  1924 | D:2      | 1924 ||| READING scroll labelled XEMINA URHAQAAR.
  1925 | D:2      | 1925 ||| READING scroll labelled KATOWN NOYWICS.
  1926 | D:2      | 1926 ||| DRINKING 2 yellow potions.
  1990 | D:3      | 1990 ||| PLANNING SEWER
  1993 | D:3      | Reached skill level 1 in Armour
  2068 | D:3      | Reached XP level 4. HP: 29/36 MP: 4/4
  2096 | D:3      | Found a glowing drain.
  2097 | D:3      | 2097 ||| READING scroll labelled MIDOASTREDEU.
  2161 | D:3      | 2161 ||| DRINKING 2 cyan potions.
  2162 | D:3      | 2162 ||| READING 2 scrolls of identify.
  2162 | D:3      | 2162 ||| IDENTIFYING viscous coppery potion
  2163 | D:3      | 2163 ||| DROPPING potion of degeneration.
  2164 | D:3      | 2164 ||| DROPPING potion of attraction.
  2207 | Sewer    | Entered a sewer
  2225 | Sewer    | 2225 ||| Stepping ~*~*~tactically~*~*~ (water).
  2240 | Sewer    | 2240 ||| Stepping ~*~*~tactically~*~*~ (water).
  2242 | Sewer    | 2242 ||| Stepping ~*~*~tactically~*~*~ (water).
  2247 | Sewer    | Mangled by a hell rat

Levels and vault maps discovered:
D:1:      minmay_arrival_four_loops, layout_loops_corners
D:2:      layout_basic, chequers_ecumenical_altar_twisty,
          wander_ebering_terrifying_dragon_lair
D:3:      layout_rooms, lemuel_coloured_pillars_altar,
          cheibrodos_sewer_entry_bend, kennysheep_minor_cross, hex_medium
Sewer:    sewer_hellmonk_bad_rat

Skill      XL: |  1  2  3 |
---------------+----------+-----
Ranged Weapons | 3 4 |  4.5
Fighting       | 2 |  2.0
Armour         | 1 |  1.1
Dodging        | |  2.1
Spellcasting   | |  1.0
Hexes          | |  2.0

Action                     |  1- 3 |  4- 6 || total
---------------------------+-------+-------++-------
   Fire: Sling             |   112 |    24 ||   136
    Use: Scroll            |     7 |     2 ||     9
         Potion            |     1 |     1 ||     2
 Armour: Robe              |     2 |       ||     2
         Ring mail         |       |     1 ||     1
  Dodge: Dodged            |    16 |     2 ||    18

Table legend:
 A = Non-vault XP
 B = Vault XP
 C = Vault XP percentage of total XP
 D = Non-vault monster count
 E = Vault monster count
 F = Vault count percentage of total count
                 A         B        C        D         E       F
            +---------+---------+-------+---------+---------+-------
      Total |      96 |      23 |  19.3 |      43 |       7 |  14.0
            +---------+---------+-------+---------+---------+-------
        D:1 |      30 |       0 |   0.0 |      20 |       0 |   0.0
        D:2 |      36 |       1 |   2.7 |      19 |       1 |   5.0
        D:3 |      30 |       5 |  14.3 |       4 |       1 |  20.0
      Sewer |       0 |      17 | 100.0 |       0 |       5 | 100.0
            +---------+---------+-------+---------+---------+-------
